 Dungeon Crawl Stone Soup version 0.31-a0-1300-gb6740aa4e6 (webtiles) character file.

Game seed: 7997963202771090854

485 MachoJfn the Chopper (level 6, -1/47 HPs)
             Began as a Demonspawn Gladiator on Dec 15, 2023.
             Was an Initiate of Yredelemnul.
             Slain by a sky beast (2 damage)
             ... on level 7 of the Dungeon on Dec 18, 2023.
             The game lasted 00:10:11 (3584 turns).

MachoJfn the Chopper (Demonspawn Gladiator)         Turns: 3584, Time: 00:10:12

Health: -1/47      AC:  9    Str: 16    XL:     6   Next: 88%
Magic:  6/6        EV: 10    Int:  9    God:    Yredelemnul [......]
Gold:   160        SH:  0    Dex: 14    Spells: 5/5 levels left

rFire   + . .        a - +0 war axe
rCold   . . .        (no shield)
rNeg    . . .        k - +0 scale mail
rPois   .            c - +0 helmet
rElec   .            (no cloak)
rCorr   .            (no gloves)
SInv    .            (no boots)
Will    .....        (no amulet) Stlth
                     h - ring of protection from fire
HPRegen 0.27/turn    (no ring)
MPRegen 0.10/turn

%: no passive effects
@: no status effects
A: thin metallic scales 1, demonic guardian 1, hooves 1
a: Renounce Religion, Recall Undead Harvest


You were on level 7 of the Dungeon.
You worshipped Yredelemnul.
Yredelemnul was noncommittal.
You visited 1 branch of the dungeon, and saw 5 of its levels.

You collected 160 gold pieces.

Inventory:

Hand Weapons
 a - a +0 war axe (weapon)
 b - a +0 scythe
 f - a +2 short sword of speed
Missiles
 d - 3 throwing nets (quivered)
 e - 3 javelins
 j - 40 stones
Armour
 c - a +0 helmet (worn)
 k - a +0 scale mail (worn)
Jewellery
 h - a ring of protection from fire (left hand)
 l - a ring of see invisible
 p - a ring of protection from cold
Wands
 m - a wand of iceblast (2)
 o - a wand of charming (7)
 q - a wand of flame (2)
Scrolls
 i - a scroll of immolation {unknown}
 n - a scroll of amnesia


   Skills:
 + Level 3.3 Fighting
 + Level 5.3 Axes
 + Level 1.8 Throwing
 + Level 2.7 Armour
 + Level 3.5 Dodging
 - Level 0.4 Stealth


You had 5 spell levels left.
You didn't know any spells.
Your spell library contained the following spells:

 Spells                   Type           Power      Damage    Failure   Level
 Freeze                   Ice            0%         1d3       82%         1
 Magic Dart               Conj           0%         1d3       82%         1
 Searing Ray              Conj           0%         2d4       91%         2
 Wereblood                Tmut           0%         N/A       91%         2
 Frozen Ramparts          Ice            0%         1d1       99%         3
 Hailstorm                Conj/Ice       0%         3d5       99%         3
 Fulminant Prism          Conj/Hex       0%         3d5       100%        4
 Irradiate                Conj/Tmut      0%         3d11      100%        5


Dungeon Overview and Level Annotations

Branches:
Dungeon (4/15)
 Temple: D:4-7

Altars:
Okawaru
Yredelemnul


Innate Abilities, Weirdness & Mutations

You are partially covered in thin metallic scales. (AC +2)
A weak demonic guardian rushes to your aid.
You have large cloven feet.


Message History

Deactivating autopickup; reactivate with Ctrl-A.
Something hits you but does no damage. Something hits you.
Something shocks you. Something hits you but does no damage.
Something hits you. Something shocks you.
Something hits you but does no damage.
You miss something. Your kick misses something.
Something hits you but does no damage.
You hit something. Your kick misses something.
Something hits you but does no damage.
You slash something! You kick something. Something hits you.
Something shocks you.
You miss something. Your kick misses something. Something hits you.
Something shocks you.
You closely miss something. Something hits you.
* * * LOW HITPOINT WARNING * * *
Something shocks you.
* * * LOW HITPOINT WARNING * * *
A demonic guardian appears!
Something hits you but does no damage.
As you read the scroll labelled VYXAOB MASIUP, it crumbles to dust.
It is a scroll of identify.
n - a scroll of amnesia Something hits you.
* * * LOW HITPOINT WARNING * * *
Something shocks you.
* * * LOW HITPOINT WARNING * * *
Your shadow imp hits something.
Aiming: Charm
Press: ? - help, Shift-Dir - straight line
Okay, then.
Aiming: Charm
Press: ? - help, Q - select action, (/) - cycle Shift-Dir - straight line Nothing appears to happen.
Something hits you but does no damage.
Your shadow imp hits something.
Aiming: Charm
Press: ? - help, Q - select action, (/) - cycle Shift-Dir - straight line Nothing appears to happen.
Something hits you.
You die...
Your body rises from the dead as a mindless zombie.

........## ###...#
..####...###.^####
### ##.......#
##......#
#......##
#..###..# #..##
##5## #..# ##{##
#..# ##@# ..# ###


You could see a friendly shadow imp (summoned).

Vanquished Creatures
  A hound (D:3)
  Jessica (D:2)
  Ijyb (D:4)
  Natasha (twice) (D:2)
  An iguana (D:4)
  5 adders
  2 dart slugs
  An orc (D:3)
  5 ball pythons
  11 endoplasms
  2 giant cockroaches (D:2)
  3 goblins
  4 hobgoblins
  6 jackals (D:2)
  8 kobolds
  2 quokkas (D:1)
  7 bats
  2 frilled lizards (D:2)
  2 rats (D:1)
66 creatures vanquished.

Vanquished Creatures (collateral kills)
  Sigmund (D:2)
  Natasha (D:2)
  An adder (D:2)
  A worm (D:2)
  A dart slug (D:1)
  An orc (D:3)
  A ball python (D:2)
  A bat (D:2)
  An endoplasm (D:1)
  A goblin (D:2)
  A jackal (D:2)
  2 quokkas
  A rat (D:2)
14 creatures vanquished.

Vanquished Creatures (others)
  2 bat zombies
  A ball python zombie (D:4)
  A dart slug zombie (D:1)
  A jackal zombie (D:2)
5 creatures vanquished.

Grand Total: 85 creatures vanquished

Notes
Turn   | Place    | Note
-------+----------+-------------------------------------------
     0 | D:1      | MachoJfn the Demonspawn Gladiator began the quest for the
                  | Orb.
     0 | D:1      | Reached XP level 1. HP: 16/16 MP: 1/1
    77 | D:1      | Gained mutation: You are partially covered in thin metallic
                  | scales. (AC +2) [demonic ancestry]
    77 | D:1      | Reached XP level 2. HP: 22/22 MP: 2/2
   115 | D:1      | Reached skill level 3 in Axes
   145 | D:1      | Found a faded altar of an unknown god.
   150 | D:1      | Prayed at the altar of an unknown god.
   150 | D:1      | Became a worshipper of Yredelemnul the Dark
   237 | D:1      | Reached * piety under Yredelemnul
   671 | D:1      | Reached XP level 3. HP: 28/28 MP: 3/3
  1011 | D:1      | Gained mutation: You have large cloven feet. [potion of
                  | mutation]
  1118 | D:2      | Reached skill level 1 in Armour
  1277 | D:2      | Upgraded the game from 0.31-a0-1237-gabc64e778c to
                  | 0.31-a0-1300-gb6740aa4e6
  1326 | D:2      | Noticed Natasha
  1333 | D:2      | Killed Natasha
  1334 | D:2      | Reached XP level 4. HP: 26/34 MP: 4/4
  1459 | D:2      | Noticed Natasha
  1470 | D:2      | Killed Natasha
  1472 | D:2      | Reached ** piety under Yredelemnul
  1473 | D:2      | Reached skill level 4 in Axes
  1473 | D:2      | Gained mutation: A weak demonic guardian rushes to your
                  | aid. [demonic ancestry]
  1473 | D:2      | Reached XP level 5. HP: 32/39 MP: 5/5
  1502 | D:2      | Noticed Sigmund
  1510 | D:2      | Killed Sigmund
  1511 | D:2      | Reached XP level 6. HP: 37/47 MP: 6/6
  1536 | D:2      | Noticed Natasha
  1547 | D:2      | Killed Natasha
  1681 | D:2      | Reached *** piety under Yredelemnul
  1980 | D:2      | Noticed Jessica
  1989 | D:2      | Killed Jessica
  1990 | D:2      | Reached skill level 5 in Axes
  2833 | D:3      | Found an iron altar of Okawaru.
  3358 | D:4      | Noticed Ijyb
  3368 | D:4      | Killed Ijyb
  3547 | D:4      | You fall into a shaft and drop 3 floors!
  3555 | D:7      | Noticed a sky beast
  3582 | D:7      | HP: 1/47 [something (6)]
  3584 | D:7      | Slain by a sky beast

Illustrated notes

Levels and vault maps discovered:
D:1:      dpeg_arrival_arbitrary_b, layout_basic,
          hellmonk_ecumenical_altar_leap_of_faith, st_stairs_14,
          dreamdust_wishing_well
D:2:      layout_basic, grunt_decor_one_mirror, nrook_loot_triangle,
          skrybe_limestone_x, uniq_sigmund, uniq_jessica, uniq_natasha
D:3:      layout_loops_corners, okawaru_gym_becter, st_stairs_7
D:4:      layout_basic, serial_corexii_hall, corexii_hall_statues_x,
          chequers_hall_statues_wall_a, corexii_hall_statues_i,
          chequers_hall_statues_y, uniq_ijyb
D:7:      layout_layer_cave, mainiacjoe_overflow_surrounded_room,
          biasface_ghost_orc_armoury

Skill      XL: |  1  2  3  4  5  6 |
---------------+-------------------+-----
Axes           | 3 4 5 |  5.3
Dodging        | 3 |  3.5
Armour         | 1 2 |  2.7
Fighting       | 3 |  3.3
Throwing       | |  1.8
Stealth        | |  0.4

Action                     |  1- 3 |  4- 6 || total
---------------------------+-------+-------++-------
  Melee: War axe           |    95 |   103 ||   198
         Punch             |     2 |       ||     2
         Kick              |     5 |    34 ||    39
  Evoke: Wand              |       |     2 ||     2
    Use: Potion            |     2 |       ||     2
         Scroll            |     1 |     1 ||     2
 Armour: Leather armour    |    74 |    20 ||    94
         Scale mail        |       |    81 ||    81
  Dodge: Dodged            |    74 |    72 ||   146

Table legend: (Time is in decaauts)
 A = Elapsed time spent in this place.
 B = Non-inter-level travel time spent in this place.
 C = Inter-level travel time spent in this place.
 D = Time resting spent in this place.
 E = Time spent auto-exploring this place.
 F = Levels seen in this place.
 G = Mean time per level.
                   A        B        C        D        E       F      G
               +--------+--------+--------+--------+--------+-----+--------+
         Total |   3641 |   3402 |    239 |    460 |   2284 |   5 |  728.2 |
       Dungeon |   3641 |   3402 |    239 |    460 |   2284 |   5 |  728.2 |
               +--------+--------+--------+--------+--------+-----+--------+

Top non-repeatable levels by time:
     D:2: 1208 daAuts
     D:1: 1068 daAuts
     D:3: 924 daAuts
     D:4: 402 daAuts
     D:7: 37 daAuts
